 Dungeon Crawl Stone Soup version 0.18.1-5-g4a78601 (webtiles) character file.

370 LORDOFBUTT the Skirmisher (level 6, -1/49 HPs)
             Began as a Demonspawn Berserker on May 11, 2016.
             Was a Priest of Trog.
             Killed by divine providence
             ... invoked by an orc priest
              (9 damage)
             ... on level 3 of the Dungeon.
             The game lasted 00:03:16 (1900 turns).

LORDOFBUTT the Skirmisher (Demonspawn Berserker)    Turns: 1900, Time: 00:03:17

Health: -1/49      AC:  5    Str: 18    XL:     6   Next: 42%
Magic:  0/6        EV: 14    Int:  8    God:    Trog [***...]
Gold:   192        SH:  0    Dex: 14    Spells: 0 memorised, 5 levels left

rFire  . . .     SeeInvis .     a - +0 short sword
rCold  . . .     Gourm    .     b - +1 animal skin
rNeg   . . .     Faith    .     (no shield)
rPois  .         Spirit   +     (no helmet)
rElec  .         Dismiss  .     (no cloak)
rCorr  .         Reflect  .     (no gloves)
SustAt .         Harm     .     (no boots)
MR     .....                    (no amulet)
Stlth  +.........               (no ring)
                                p - +5 ring of slaying

@: confused, exhausted, slowed, very slow, not resistant to hostile
enchantments, very unstealthy
A: slimy green scales 1, powered by death 2, magic shield
a: Berserk, Trog's Hand, Burn Spellbooks, Renounce Religion


You were on level 3 of the Dungeon.
You worshipped Trog.
Trog was most pleased with you.
You were very hungry.

You visited 1 branch of the dungeon, and saw 3 of its levels.

You collected 192 gold pieces.

Inventory:

Hand Weapons
 a - a +0 short sword (weapon)
Armour
 b - a +1 animal skin (worn)
Jewellery
 p - a +5 ring of slaying (left hand)
Scrolls
 d - 2 scrolls of identify {unknown}
 e - 2 scrolls of enchant armour
 f - a scroll of noise {unknown}
 h - a scroll of blinking {unknown}
 n - a scroll of fog {unknown}
 o - a scroll of magic mapping {unknown}
 q - 2 scrolls of remove curse {unknown}
 r - a scroll of enchant weapon {unknown}
Potions
 g - a potion of beneficial mutation {unknown}
 i - a potion of curing {unknown}
 j - a potion of cure mutation {unknown}
 k - a potion of resistance
 l - a potion of flight {unknown}
 m - a potion of agility {unknown}
Comestibles
 c - 3 bread rations
 s - a meat ration


   Skills:
 + Level 4.6 Fighting
 + Level 3.6 Short Blades
 + Level 1.9 Armour
 + Level 4.0 Dodging
 * Level 2.0 Stealth


You had 5 spell levels left.
You didn't know any spells.

Dungeon Overview and Level Annotations

Branches:
Dungeon (3/15)

Altars:


Innate Abilities, Weirdness & Mutations

You are partially covered in slimy green scales (AC +2).
You regenerate health from kills.
When hurt, damage is shared between your health and your magic reserves.


Message History

Something completely misses you. The orc hits you but does no damage.
You hit something. The orc priest hits you with a flail.
* * * LOW HITPOINT WARNING * * *
Something hits you.
* * * LOW HITPOINT WARNING * * *
The orc hits you with a mace.
* * * LOW HITPOINT WARNING * * *
You closely miss something.
You hear some strange, mumbled words.
You are confused.
The orc priest hits you with a flail.
* * * LOW HITPOINT WARNING * * *
The orc closely misses you.
You hear some strange, mumbled words.
A magic dart appears from out of thin air!
The magic dart hits you!
* * * LOW HITPOINT WARNING * * *
The orc priest calls down the wrath of Beogh upon you.
Beogh smites you!
You die...

##..........##.#.....
#...........##.#.....
#.........####.......
#..........##
###.#..† #.##.......#
#....# #. #.......#
##...# . #.......#
##... . #.......#
#..# #..@....# #.##
####.#.### ##..
#..o{o.# #.. #......#
#.. #....))# #..
#......# #.. #......#
### #......# #......#


You could see an orc priest and an orc.

Vanquished Creatures
  A hippogriff (D:3)
  An orc warrior (D:3)
  Robin (D:2)
  5 adders
  An ooze (D:3)
  2 worms
  A dart slug (D:1)
  A giant gecko (D:2)
  6 orcs (D:3)
  7 bats
  3 giant cockroaches
  17 goblins
  10 hobgoblins
  5 kobolds
  2 quokkas
  5 giant newts
  9 rats
77 creatures vanquished.

Notes
Turn   | Place    | Note
--------------------------------------------------------------
     0 | D:1      | LORDOFBUTT the Demonspawn Berserker began the quest for the Orb.
     0 | D:1      | Reached XP level 1. HP: 18/18 MP: 1/1
   201 | D:1      | Gained mutation: You regenerate a little health from kills. [demonic ancestry]
   201 | D:1      | Reached XP level 2. HP: 12/24 MP: 2/2
   628 | D:1      | Reached ** piety under Trog
   896 | D:2      | Noticed Robin
   911 | D:2      | Reached XP level 3. HP: 29/29 MP: 3/3
   922 | D:2      | Killed Robin
  1141 | D:2      | Gained mutation: You regenerate health from kills. [demonic ancestry]
  1141 | D:2      | Reached XP level 4. HP: 34/37 MP: 4/4
  1245 | D:2      | Reached *** piety under Trog
  1357 | D:2      | HP: 1/37 [adder (5)]
  1365 | D:2      | HP: 1/55 [adder (2)]
  1366 | D:2      | Reached skill level 1 in Stealth
  1554 | D:3      | Noticed a hippogriff
  1562 | D:3      | Killed a hippogriff
  1562 | D:3      | Gained mutation: You are partially covered in slimy green scales (AC +2). [demonic ancestry]
  1562 | D:3      | Reached XP level 5. HP: 36/43 MP: 5/5
  1761 | D:3      | Gained mutation: When hurt, damage is shared between your health and your magic reserves. [demonic ancestry]
  1761 | D:3      | Reached XP level 6. HP: 35/49 MP: 6/6
  1870 | D:3      | Noticed an orc warrior
  1878 | D:3      | Killed an orc warrior
  1900 | D:3      | Killed from afar by an orc priest

Skill      XL: |  1  2  3  4  5  6 |
---------------+-------------------+-----
Dodging        | 2 3 4 |  4.0
Short Blades   | 3 |  3.6
Fighting       | 4 |  4.6
Stealth        | 1 2 |  2.0
Armour         | |  1.9

Action                   |  1- 3 |  4- 6 || total
-------------------------+-------+-------++-------
Melee: Short sword       |   114 |   103 ||   217
Invok: Berserk           |     1 |     3 ||     4
       Trog's Hand       |       |     1 ||     1
  Use: Potion            |       |     1 ||     1
       Scroll            |       |     1 ||     1
 Stab: Sleeping          |     1 |       ||     1
  Eat: Beef jerky        |     1 |       ||     1
       Meat ration       |       |     1 ||     1
Armor: Animal skin       |    25 |    31 ||    56
Dodge: Dodged            |    57 |    84 ||   141
